 Dungeon Crawl Stone Soup version 0.32-a0-818-gb728d0252e (webtiles) character file.

Game seed: 6548231838970627240

253 Fodor the Shield-Bearer (level 5, -8/47 HPs)
             Began as a Minotaur Fighter on Mar 25, 2024.
             Killed by divine providence
             ... invoked by an orc priest
              (13 damage)
             ... on level 4 of the Dungeon.
             The game lasted 00:08:17 (2637 turns).

Fodor the Shield-Bearer (Minotaur Fighter)          Turns: 2637, Time: 00:08:17

Health: -8/47      AC:  9    Str: 22 (23) XL:     5   Next: 90%
Magic:  4/4        EV:  7    Int:  3 (5)  God:
Gold:   160        SH:  4    Dex:  9      Spells: 4/4 levels left

rFire   . . .        a - +0 war axe
rCold   . . .        c - +0 buckler
rNeg    . . .        q - +0 chain mail
rPois   .            (helmet restricted)
rElec   .            (no cloak)
rCorr   .            (no gloves)
SInv    .            (no boots)
Will    .....        (no amulet) Stlth
                     (no ring)
HPRegen 0.27/turn    (no ring)
MPRegen 0.09/turn

%: no passive effects
@: no status effects
A: horns 2, retaliatory headbutt
a: Convert to Beogh


You were on level 4 of the Dungeon.
You visited 1 branch of the dungeon, and saw 4 of its levels.

You collected 160 gold pieces.

Inventory:

Hand Weapons
 a - a +0 war axe (weapon)
Missiles
 s - 5 boomerangs (quivered)
Armour
 b - a +0 plate armour
 c - a +0 buckler (worn)
 q - a +0 chain mail (worn)
Jewellery
 g - an amulet of magic regeneration
Talismans
 r - a flux talisman
Wands
 f - a wand of roots (7)
Scrolls
 e - 2 scrolls of fear {unknown}
 h - a scroll of revelation {unknown}
 i - a scroll of silence {unknown}
 j - a scroll of noise {unknown}
 k - 2 scrolls of teleportation {unknown}
 n - 2 scrolls of identify {unknown}
Potions
 d - 3 potions of might
 l - a potion of ambrosia {unknown}
 m - a potion of lignification {unknown}
 o - 2 potions of heal wounds {unknown}
 p - a potion of attraction {unknown}


   Skills:
 + Level 4.5 Fighting
 + Level 4.4 Axes
 + Level 4.7 Armour
 + Level 1.6 Dodging
 + Level 0.1 Stealth
 + Level 5.3 Shields


You had 4 spell levels left.
You didn't know any spells.
Your spell library contained the following spells:

 Spells                   Type           Power      Damage    Failure   Level
 Hailstorm                Conj/Ice       0%         3d5       100%        3
 Summon Ice Beast         Ice/Summ       0%         N/A       100%        3
 Volatile Blastmotes      Fire/Tloc      0%         2d10      100%        3
 Cause Fear               Hex            0%         N/A       100%        4
 Fulminant Prism          Conj/Alch      0%         3d5       100%        4
 Iskenderun's Mystic Bla  Conj/Tloc      0%         2d3       100%        4
 Fireball                 Conj/Fire      0%         3d3       100%        5
 Permafrost Eruption      Ice/Erth       0%         2x4d2     100%        6
 Sculpt Simulacrum        Ice/Alch       0%         N/A       100%        6
 Dragon's Call            Summ           0%         N/A       100%        9


Dungeon Overview and Level Annotations

Branches:
Dungeon (4/15)
 Temple: D:4-7

Altars:
Fedhas
Hepliaklqana
Makhleb

Shops:
D:4 [


Innate Abilities, Weirdness & Mutations

You have a pair of horns on your head.
You reflexively headbutt those who attack you in melee.


Message History

The bombardier beetle is moderately wounded.
The bombardier beetle bites you but does no damage.
You hit the bombardier beetle. You headbutt the bombardier beetle.
The bombardier beetle is severely wounded.
You barely miss the bombardier beetle.
The bombardier beetle is severely wounded.
The bombardier beetle bites you but does no damage.
You slash the bombardier beetle!
You kill the bombardier beetle!
Your Dodging skill increases to level 1!
You see here a bombardier beetle corpse.
Found a trident.
An orc priest comes into view. It is wielding a +0 dagger.
The orc priest moves out of view.
An orc and a scorpion come into view.
The orc shouts!
You hear a shout!
The orc priest looks braver for a moment.
An orc comes into view. It is wielding a +0 trident.
Found a ring mail and a lead wand.
The orc hits you with a +0 club.
Found 16 gold pieces.
The scorpion barely misses you. You block the scorpion's attack.
The orc priest calls down the wrath of Beogh upon you.
Pain shoots through your body!
The orc priest invokes the aid of Beogh against you.
Beogh smites you! The scorpion attacks as it pursues you!
You block the scorpion's attack. The scorpion attacks as it pursues you!
The scorpion stings you.
You see here 16 gold pieces.
The scorpion attacks as it pursues you! You block the scorpion's attack.
The orc priest mumbles some strange prayers to Beogh against you.
Beogh smites you!
* * * LOW HITPOINT WARNING * * *
The scorpion stings you but does no damage.
You closely miss the scorpion. Your headbutt misses the scorpion.
The scorpion stings you but does no damage.
You block the orc's attack.
The orc priest invokes the aid of Beogh against you.
Beogh smites you!
You die...

<...)# ####†###.~≈≈≈<._.>~≈≈~
.....# #....# #.~≈≈≈PP.PP≈~≈~
.###.# #.#### #..~≈≈~.♣P~≈≈~. .#
#.# #.# ##.~≈≈≈≈~≈~≈≈≈. .# #.#
#####.# #..~~~≈P~≈≈~.. .# #.#
#.....# #...≈≈~≈≈~~... .# #.#
#.....# #...o.~~~...#.
.###.###.....########.##.....###.
................@so.oo.......†...
.....#####################.##....
.....# ###..........## )....#####
....).....##.# .........#
......?..## .# ##.......#
[......#.# .# .........#
.......#.# .# ##.......#
.......#.# .# #.......#
.........# .#


You could see a scorpion, an orc priest and 2 orcs.

Vanquished Creatures
  3 bombardier beetles
  An orc priest (D:4)
  Ijyb (D:3)
  2 adders
  2 ribbon worms (D:2)
  3 orcs (D:4)
  5 ball pythons
  4 endoplasms
  5 giant cockroaches
  5 goblins
  7 hobgoblins
  7 jackals (D:3)
  3 quokkas
  6 bats
  2 frilled lizards (D:1)
  3 kobolds
  4 rats
63 creatures vanquished.

Notes
Turn   | Place    | Note
-------+----------+-------------------------------------------
     0 | D:1      | Fodor the Minotaur Fighter began the quest for the Orb.
     0 | D:1      | Reached XP level 1. HP: 19/19 MP: 0/0
   324 | D:1      | Reached XP level 2. HP: 27/27 MP: 1/1
   649 | D:1      | Reached skill level 4 in Shields
   963 | D:2      | Reached XP level 3. HP: 29/33 MP: 2/2
  1448 | D:3      | Found a hazy altar of Hepliaklqana.
  1529 | D:3      | Reached XP level 4. HP: 41/41 MP: 3/3
  1716 | D:3      | Noticed Ijyb
  1735 | D:3      | Killed Ijyb
  1896 | D:3      | Reached XP level 5. HP: 47/47 MP: 4/4
  2124 | D:4      | Found Umicw's Antique Armour Boutique.
  2401 | D:4      | Reached skill level 5 in Shields
  2528 | D:4      | Found a burning altar of Makhleb.
  2578 | D:4      | Found a blossoming altar of Fedhas.
  2617 | D:4      | Reached skill level 1 in Dodging
  2637 | D:4      | Killed from afar by an orc priest

Illustrated notes

Levels and vault maps discovered:
D:1:      lightli_molten_gateway, layout_loops_corners
D:2:      layout_basic
D:3:      layout_loops_ring, nicolae_overflow_crystal_walls, uniq_ijyb
D:4:      minmay_octagon_keep, layout_basic, marbit_many_paths,
          fedhas_ov_isle_minmay, minmay_temple_entry_offerings,
          kennysheep_windowed_goal

Skill      XL: |  1  2  3  4  5 |
---------------+----------------+-----
Fighting       | 4 |  4.5
Shields        | 4 5 |  5.3
Armour         | 4 |  4.7
Axes           | 3 4 |  4.4
Dodging        | 1 |  1.6
Stealth        | |  0.1

Action                     |  1- 3 |  4- 6 || total
---------------------------+-------+-------++-------
  Melee: War axe           |    91 |    52 ||   143
         Headbutt          |    12 |     8 ||    20
    Use: Potion            |       |     3 ||     3
 Armour: Scale mail        |    88 |    37 ||   125
         Chain mail        |       |    32 ||    32
  Dodge: Dodged            |    40 |    21 ||    61
  Block: Buckler           |    25 |    13 ||    38

Table legend: (Time is in decaauts)
 A = Elapsed time spent in this place.
 B = Non-inter-level travel time spent in this place.
 C = Inter-level travel time spent in this place.
 D = Time resting spent in this place.
 E = Time spent auto-exploring this place.
 F = Levels seen in this place.
 G = Mean time per level.
                   A        B        C        D        E       F      G
               +--------+--------+--------+--------+--------+-----+--------+
         Total |   2704 |   2666 |     38 |     69 |   1910 |   4 |  676.0 |
       Dungeon |   2704 |   2666 |     38 |     69 |   1910 |   4 |  676.0 |
               +--------+--------+--------+--------+--------+-----+--------+

Top non-repeatable levels by time:
     D:1: 891 daAuts
     D:3: 784 daAuts
     D:4: 529 daAuts
     D:2: 499 daAuts
